 Dungeon Crawl Stone Soup version 0.32-a0-818-gb728d0252e (webtiles) character file.

Game seed: 3498620322457301645

23462 smashvw the Bludgeoner (level 12, -2/106 HPs)
             Began as a Minotaur Monk on Mar 23, 2024.
             Was a High Priest of Qazlal.
             Slain by an eight-headed hydra (5 damage)
             ... on level 2 of the Lair of Beasts.
             The game lasted 00:27:34 (12266 turns).

smashvw the Bludgeoner (Minotaur Monk)             Turns: 12266, Time: 00:27:35

Health: -2/106     AC: 29    Str: 22    XL:     12   Next: 72%
Magic:  12/18      EV:  5    Int:  7    God:    Qazlal [*****.]
Gold:   600        SH: 14    Dex: 12    Spells: 11/11 levels left

rFire   . . .        N - +2 morningstar (protect)
rCold   . . .        Q - +0 kite shield
rNeg    . . .        P - +0 plate armour
rPois   +            (helmet restricted)
rElec   .            e - +1 cloak {rPois}
rCorr   +            (no gloves)
SInv    .            n - +1 pair of boots
Will    .....        h - amulet of faith Stlth
                     b - ring of resist corrosion
HPRegen 0.37/turn    (no ring)
MPRegen 0.16/turn

%: repel missiles, faith
@: protected from physical damage, under a protective aura
A: horns 2, retaliatory headbutt
a: Renounce Religion, Upheaval, Elemental Force, Disaster Area


You were on level 2 of the Lair of Beasts.
You worshipped Qazlal.
Qazlal was extremely pleased with you.
You visited 3 branches of the dungeon, and saw 14 of its levels.

You collected 600 gold pieces.

Inventory:

Hand Weapons
 a - a +0 mace
 u - a +1 mace of protection
 N - a +2 morningstar of protection (weapon)
Missiles
 j - 14 boomerangs
 s - 6 javelins
 t - 36 poisoned darts (quivered)
 I - 12 curare-tipped darts
 O - 2 throwing nets
Armour
 d - an orb of light
 e - a +1 cloak of poison resistance (worn)
 n - a +1 pair of boots (worn)
 w - a +0 chain mail
 P - a +0 plate armour (worn)
 Q - a +0 kite shield (worn)
 R - a +1 kite shield of fire resistance
Jewellery
 b - a ring of resist corrosion (left hand)
 h - an amulet of faith (around neck)
 r - an amulet of magic regeneration
 A - a ring of wizardry
Wands
 v - a wand of paralysis (4)
 G - a wand of roots (25)
Scrolls
 f - 5 scrolls of vulnerability {unknown}
 i - 2 scrolls of fear {unknown}
 k - 2 scrolls of enchant armour
 m - 7 scrolls of identify {unknown}
 o - 6 scrolls of amnesia
 p - a scroll of teleportation
 x - 2 scrolls of blinking
 y - 2 scrolls of silence {unknown}
 E - 4 scrolls of noise
 H - 3 scrolls of enchant weapon
 L - a scroll of fog {unknown}
 S - a scroll of poison {unknown}
Potions
 c - a potion of invisibility {unknown}
 g - a potion of berserk rage {unknown}
 l - a potion of degeneration {unknown}
 q - 3 potions of heal wounds
 z - a potion of attraction {unknown}
 B - 2 potions of cancellation {unknown}
 C - a potion of ambrosia
 D - a potion of lignification
 F - 4 potions of curing
 J - a potion of brilliance
 K - a potion of haste {unknown}
 M - a potion of enlightenment {unknown}


   Skills:
 - Level 10.0 Fighting
 + Level 17.7 Maces & Flails
 - Level 10.0 Armour
 - Level 3.2 Dodging
 + Level 10.0 Invocations
 - Level 4.0 Evocations


You had 11 spell levels left.
You didn't know any spells.
Your spell library contained the following spells:

 Spells                   Type           Power      Damage    Failure   Level
 Magic Dart               Conj           0%         1d3       100%        1
 Call Imp                 Summ           0%         N/A       100%        2
 Ensorcelled Hibernation  Hex/Ice        0%         N/A       100%        2
 Mercury Vapours          Alch/Air       0%         N/A       100%        2
 Searing Ray              Conj           0%         2d4       100%        2
 Sublimation of Blood     Necr           0%         N/A       100%        2
 Fugue of the Fallen      Necr           0%         N/A       100%        3
 Mephitic Cloud           Conj/Alch/Air  0%         N/A       100%        3
 Passwall                 Erth           0%         N/A       100%        3
 Sigil of Binding         Hex            0%         N/A       100%        3
 Summon Ice Beast         Ice/Summ       0%         N/A       100%        3
 Swiftness                Air            0%         N/A       100%        3
 Anguish                  Hex/Necr       0%         N/A       100%        4
 Animate Armour           Summ/Erth      0%         N/A       100%        4
 Animate Dead             Necr           0%         N/A       100%        4
 Fulminant Prism          Conj/Alch      0%         3d5       100%        4
 Ignite Poison            Fire/Alch      0%         N/A       100%        4
 Sticky Flame             Fire/Alch      0%         2d4       100%        4
 Summon Lightning Spire   Summ/Air       0%         N/A       100%        4
 Freezing Cloud           Conj/Ice/Air   0%         6-21      100%        5
 Lee's Rapid Deconstruct  Erth           0%         3d4*      100%        5
 Summon Mana Viper        Hex/Summ       0%         N/A       100%        5
 Death Channel            Necr           0%         N/A       100%        6
 Sculpt Simulacrum        Ice/Alch       0%         N/A       100%        6
 Haunt                    Necr/Summ      0%         N/A       100%        7
 Monstrous Menagerie      Summ           0%         N/A       100%        7
 Summon Hydra             Summ           0%         N/A       100%        7
 Ignition                 Fire           0%         3d3       100%        8
 Infestation              Necr           0%         N/A       100%        8


Dungeon Overview and Level Annotations

Branches:
Dungeon (11/15)            Temple (1/1) D:4            Lair (2/5) D:9
    Orc (0/2) D:10
  Swamp: Lair:2-3    Shoals: Lair:2-3     Snake: Lair:2-3    Spider: Lair:2-3

Altars:
Ashenzari
Cheibriados
Dithmenos
Elyvilon
Fedhas
Gozag
Hepliaklqana
Kikubaaqudgha
Makhleb
Nemelex Xobeh
Okawaru
Qazlal
Ru
Sif Muna
Trog
Uskayaw
Vehumet
Wu Jian
Xom
Yredelemnul
Zin
The Shining One
Beogh

Shops:
D:4 (((?   D:5 *

Annotations:
D:9 1 runed translucent door, runemasterragnar's ghost, journeyman CoHs
D:10 3 runed translucent doors, AutarchDCSS's ghost, novice BaEE


Innate Abilities, Weirdness & Mutations

You have a pair of horns on your head.
You reflexively headbutt those who attack you in melee.


Message History

Aiming: Upheaval
Press: ? - help, Dir - move target, f - water moccasin simulacrum
Aim: a water moccasin simulacrum Magma suddenly erupts from the ground!
The blast of magma engulfs the water moccasin simulacrum!!
The water moccasin simulacrum melts!
The water moccasin simulacrum vaporises!
You hear a sizzling sound!
You block the eight-headed hydra's attack. x2
The eight-headed hydra bites you but does no damage. x3
You block the eight-headed hydra's attack.
The eight-headed hydra bites you but does no damage.
The eight-headed hydra bites you.
You feel more protected from physical attacks.
An eight-headed hydra is nearby!
You hit the eight-headed hydra. You headbutt the eight-headed hydra.
The eight-headed hydra is heavily wounded.
You block the eight-headed hydra's attack.
The eight-headed hydra bites you!
* * * LOW HITPOINT WARNING * * *
You feel more protected from physical attacks.
The eight-headed hydra bites you!
* * * LOW HITPOINT WARNING * * *
You block the eight-headed hydra's attack.
The eight-headed hydra bites you!
* * * LOW HITPOINT WARNING * * *
You block the eight-headed hydra's attack.
The eight-headed hydra bites you but does no damage. x2
Aiming: Upheaval
Press: ? - help, Dir - move target, f - eight-headed hydra
Aim: an eight-headed hydra (heavily wounded, soul bound)
A storm cloud blasts the area with cutting wind!
The cutting wind hits the eight-headed hydra!!
The eight-headed hydra is almost dead.
You hear an angry hiss.
A rime drake comes into view.
You block the eight-headed hydra's attack.
The eight-headed hydra bites you but does no damage. x2
The eight-headed hydra bites you.
You die...

........... ..........
...P.........>.. ...
..$..#..........
.....##...#..........
..........#.#..>.....
....P...#.#.#.†§.....
......#...P.#..°.....
.PP.....#...#@§☼.....
..P........kD○.......
...........§†§.☼.....
........P..............#
.........)..............
.........#....P........P
..#.....................
#.#.....##....÷.....##..
........##..........#


You could see an eight-headed hydra (soul bound) and a rime drake.

Vanquished Creatures
  A hydra (Lair:1)
  6 two-headed ogres
  A centaur warrior (D:10)
  A tengu warrior (D:11)
  Sonja (D:10)
  A pharaoh ant (Lair:2)
  Maurice (D:11)
  2 elephants (D:9)
  A gargoyle (D:11)
  3 black mambas
  7 cane toads (Lair:1)
  Maggie (D:6)
  2 kobold demonologists
  A hornet (D:9)
  5 blink frogs (Lair:1)
  A wraith (D:6)
  21 yaks
  A basilisk (Lair:1)
  A steam dragon (D:8)
  3 acid dragons
  11 water moccasins
  9 orc warriors
  A sky beast (D:6)
  3 black bears
  An ogre (D:5)
  An ice beast (D:5)
  16 wolves
  5 kobold brigands
  9 bullfrogs
  2 gnoll sergeants
  6 scorpions
  3 wights (D:9)
  3 killer bees (D:8)
  4 electric eels (Lair:1)
  4 howler monkeys
  3 lava snakes (Lair:1)
  A hound (D:4)
  A jelly (D:6)
  4 bombardier beetles
  2 gnoll boudas
  5 orc priests
  3 sleepcaps
  3 iguanas
  10 orc wizards
  A mummy (D:4)
  24 gnolls
  5 adders
  2 shadow imps
  2 white imps (D:7)
  4 ufetubi
  5 dart slugs
  4 ribbon worms
  47 orcs
  7 ball pythons
  7 endoplasms
  10 giant cockroaches
  12 goblins
  12 hobgoblins
  6 quokkas
  4 bats
  A frilled lizard (D:1)
  A hobgoblin zombie (D:4)
  26 kobolds
  2 kobold zombies (D:4)
  An orc zombie (D:4)
  5 rats
359 creatures vanquished.

Notes
Turn   | Place    | Note
-------+----------+-------------------------------------------
     0 | D:1      | smashvw the Minotaur Monk began the quest for the Orb.
     0 | D:1      | Reached XP level 1. HP: 19/19 MP: 0/0
   136 | D:1      | Reached skill level 1 in Armour
   138 | D:1      | Reached XP level 2. HP: 24/27 MP: 1/1
   222 | D:1      | Reached skill level 4 in Maces & Flails
   369 | D:1      | Reached XP level 3. HP: 29/33 MP: 2/2
   902 | D:2      | Reached XP level 4. HP: 41/41 MP: 3/3
  1743 | D:4      | Reached skill level 5 in Fighting
  1743 | D:4      | Reached XP level 5. HP: 48/48 MP: 4/4
  1797 | D:4      | Reached skill level 5 in Maces & Flails
  1861 | D:4      | Found a staircase to the Ecumenical Temple.
  1868 | Temple   | Entered the Ecumenical Temple
  1903 | Temple   | Became a worshipper of Qazlal Stormbringer
  1903 | Temple   | Reached * piety under Qazlal
  1903 | Temple   | Reached ** piety under Qazlal
  2058 | D:4      | Found Ypynoanu's Weapon Boutique.
  2064 | D:4      | Noticed a yak
  2065 | D:4      | Noticed a yak
  2066 | D:4      | Noticed a yak
  2068 | D:4      | Noticed a yak
  2070 | D:4      | Killed a yak
  2071 | D:4      | Reached XP level 6. HP: 41/57 MP: 5/5
  2099 | D:4      | Killed a yak
  2100 | D:4      | Reached skill level 6 in Maces & Flails
  2100 | D:4      | Reached XP level 7. HP: 41/64 MP: 2/6
  2107 | D:4      | Killed a yak
  2108 | D:4      | Reached skill level 5 in Armour
  2119 | D:4      | Killed a yak
  2253 | D:4      | Found Hyimmo's Weapon Shop.
  2292 | D:4      | Reached skill level 7 in Maces & Flails
  2482 | D:4      | Found Jeebruze's Antique Weapon Shop.
  2493 | D:4      | Found Mipnusopp's Magic Scroll Boutique.
  2696 | D:5      | Entered Level 5 of the Dungeon
  2914 | D:5      | Reached XP level 8. HP: 66/73 MP: 7/7
  3606 | D:5      | Reached *** piety under Qazlal
  3607 | D:5      | Reached skill level 8 in Maces & Flails
  3766 | D:5      | Found Etir's Assorted Antiques.
  3809 | D:6      | Noticed Maggie
  3818 | D:6      | Killed Maggie
  3997 | D:6      | Reached XP level 9. HP: 83/83 MP: 8/8
  4003 | D:6      | Reached skill level 9 in Maces & Flails
  4007 | D:6      | Found a hide-covered altar of Uskayaw.
  4018 | D:6      | Found a basalt altar of Yredelemnul.
  4157 | D:6      | Found a broken altar of Ashenzari.
  4766 | D:6      | Reached **** piety under Qazlal
  5090 | D:7      | Reached skill level 10 in Fighting
  5092 | D:7      | Found an iron altar of Okawaru.
  5507 | D:8      | Reached skill level 10 in Maces & Flails
  5538 | D:8      | You fall into a shaft and drop 2 floors!
  5538 | D:10     | Entered Level 10 of the Dungeon
  5545 | D:10     | Noticed a centaur warrior
  5546 | D:10     | Noticed Sonja
  5549 | D:9      | Noticed a two-headed ogre
  5554 | D:9      | Killed a two-headed ogre
  5555 | D:9      | Reached skill level 10 in Armour
  5585 | D:9      | Reached skill level 11 in Maces & Flails
  5585 | D:9      | Noticed a two-headed ogre
  5589 | D:9      | Reached XP level 10. HP: 64/93 MP: 9/9
  5596 | D:9      | HP: 4/93 [two-headed ogre/+0 giant club (19)]
  5614 | D:9      | Noticed a two-headed ogre
  5623 | D:9      | Killed a two-headed ogre
  5624 | D:9      | Reached skill level 12 in Maces & Flails
  5629 | D:9      | Noticed an elephant
  5644 | D:9      | Killed an elephant
  5975 | D:9      | Reached ***** piety under Qazlal
  5976 | D:9      | Reached skill level 13 in Maces & Flails
  5985 | D:9      | Killed a two-headed ogre
  6261 | D:9      | Found a glowing golden altar of the Shining One.
  6301 | D:9      | Reached skill level 1 in Invocations
  6301 | D:9      | Reached skill level 1 in Evocations
  6344 | D:9      | Found a staircase to the Lair.
  6344 | D:9      | Noticed an elephant
  6350 | D:9      | Killed an elephant
  6351 | D:9      | Reached skill level 14 in Maces & Flails
  6430 | D:9      | Found a runed translucent door.
  7594 | D:9      | Noticed runemasterragnar's ghost (journeyman CoHs)
  7705 | D:9      | Reached XP level 11. HP: 99/99 MP: 12/12
  7873 | D:9      | Found a burning altar of Makhleb.
  8018 | D:10     | Found a runed translucent gate.
  8018 | D:10     | Found a runed translucent gate.
  8018 | D:10     | Found a runed translucent gate.
  8018 | D:10     | Noticed AutarchDCSS's ghost (novice BaEE)
  8069 | D:10     | Noticed a two-headed ogre
  8083 | D:10     | Killed a two-headed ogre
  8235 | D:10     | Found a sacrificial altar of Ru.
  8235 | D:10     | Found a radiant altar of Vehumet.
  8665 | D:10     | Found a roughly hewn altar of Beogh.
  8665 | D:10     | Found a staircase to the Orcish Mines.
  8666 | D:10     | Identified the +0 leather armour of the Ninety-Nine Teeth
                  | {Will+ rCorr}
  8933 | D:10     | Noticed a two-headed ogre
  8943 | D:10     | Killed a two-headed ogre
  8974 | D:10     | Killed Sonja
  9277 | D:10     | Reached skill level 5 in Invocations
  9290 | D:10     | Reached skill level 15 in Maces & Flails
  9293 | D:10     | Killed a centaur warrior
  9754 | D:11     | Noticed Maurice
  9782 | D:11     | Killed Maurice
  9809 | D:11     | Noticed a tengu warrior
  9825 | D:11     | Killed a tengu warrior
  9984 | D:11     | Noticed a two-headed ogre
  9996 | D:11     | Killed a two-headed ogre
 10376 | Lair:1   | Entered Level 1 of the Lair of Beasts
 10391 | Lair:1   | Reached skill level 16 in Maces & Flails
 10410 | Lair:1   | Reached XP level 12. HP: 58/106 MP: 16/16
 10672 | Lair:1   | Reached ****** piety under Qazlal
 11473 | Lair:1   | Noticed an eight-headed hydra
 11479 | Lair:1   | Killed an eight-headed hydra
 11480 | Lair:1   | Reached skill level 17 in Maces & Flails
 11583 | Lair:1   | Identified the +1 glaive of Discord {heavy, *Rage Dex+7}
 12260 | Lair:2   | Noticed an eight-headed hydra
 12261 | Lair:2   | Reached skill level 10 in Invocations
 12265 | Lair:2   | HP: 3/106 [eight-headed hydra (11)]
 12266 | Lair:2   | Slain by an eight-headed hydra

Illustrated notes

Levels and vault maps discovered:
D:1:      psy_arrival_fountain, layout_basic
D:2:      minmay_roachtagon, layout_basic, corner_web_ring
D:3:      layout_rooms
D:4:      layout_loops_ring, temple_fountains, serial_shops,
          nicolae_shop_bloodbath_and_beyond, nicolae_shop_behind_doors,
          nicolae_shop_tiny_waterfront, nicolae_shop_behind_doors,
          minmay_mini_ossuary
D:5:      layout_rooms, serial_shops, nicolae_shop_pleasant_corner_grove,
          minmay_misc_feat_tower, minmay_quadrilaterals
D:6:      layout_basic, lemuel_doored_altar, mainiacjoe_overflow_catwalk_spiral,
          serial_co_window_serial, co_window_paths_a, co_window_corner_a,
          co_window_of_opportunity_a, co_window_paths_b, co_window_corner_a,
          co_window_corner_b, co_window_unsneaky_path_e,
          co_window_unsneaky_path_a, co_window_broadway_a, co_window_paths_e,
          glass_columns_c, glass_columns_a, glass_columns_a, uniq_maggie
D:7:      layout_basic, general_overflow_altar, serial_curves, eino_curves_02,
          eino_curves_04
D:8:      layout_loops_corners
D:9:      layout_gridville, tso_oasis_becter, lemuel_tele_altar,
          grunt_lair_entry_orc_guard_hut, ebering_ghost_reflecting_pool,
          minmay_misc_feat_plants
D:10:     layout_roguey, gammafunk_temple_overflow_elements, david_orc_5,
          gammafunk_ghost_spectres, dk_rats_in_the_wall, uniq_sonja
D:11:     layout_cave_pools, uniq_maurice
Temple:   zaba_magenta_temple
Lair:1:   cheibrodos_lair_river_kwai, layout_chaotic_city,
          nicolae_lair_liquid_snakes, infiniplex_staircase_pool_2,
          grunt_megastairs_2, serial_bayou_shore_b, serial_bayou_shore_b
Lair:2:   layout_long_grid, minmay_shoals_entry_lonely_mermaid,
          nicolae_spider_entry_lesser_pyramids, lemuel_fruit_fields

Skill      XL: |  1  2  3  4  5  6  7  8  9 10 11 12 |
---------------+-------------------------------------+-----
Armour         | 1 2 3 4 6 7 10 | 10.0
Fighting       | 4 5 6 7 9 10 | 10.0
Maces & Flails | 4 5 6 7 8 11 14 16 17 | 17.7
Invocations    | 3 7 10 | 10.0
Evocations     | 2 4 |  4.0
Dodging        | |  3.2

Action                     |  1- 3 |  4- 6 |  7- 9 | 10-12 || total
---------------------------+-------+-------+-------+-------++-------
  Melee: Mace              |    77 |    76 |   186 |   179 ||   518
         Headbutt          |    12 |    15 |    37 |   107 ||   171
         Morningstar       |       |       |       |   302 ||   302
  Throw: Dart              |       |       |       |    13 ||    13
 Invoke: Upheaval          |       |     1 |       |     7 ||     8
  Evoke: Wand              |       |       |       |     8 ||     8
    Use: Potion            |       |     3 |     1 |     2 ||     6
         Scroll            |       |     1 |     2 |     9 ||    12
   Stab: Paralysed         |       |       |       |     3 ||     3
 Armour: Robe              |     8 |       |       |       ||     8
         Ring mail         |    51 |    10 |       |       ||    61
         Chain mail        |       |    44 |   187 |   179 ||   410
         Skin              |       |       |    22 |     1 ||    23
         Plate armour      |       |       |       |   217 ||   217
  Dodge: Dodged            |    48 |    46 |    93 |   138 ||   325
         Repelled          |       |       |     3 |    19 ||    22
  Block: Kite shield       |       |       |       |   229 ||   229

Table legend: (Time is in decaauts)
 A = Elapsed time spent in this place.
 B = Non-inter-level travel time spent in this place.
 C = Inter-level travel time spent in this place.
 D = Time resting spent in this place.
 E = Time spent auto-exploring this place.
 F = Levels seen in this place.
 G = Mean time per level.
                   A        B        C        D        E       F      G
               +--------+--------+--------+--------+--------+-----+--------+
         Total |  12356 |  11960 |    396 |    904 |   9027 |  14 |  882.6 |
       Dungeon |  10423 |  10063 |    360 |    673 |   7725 |  11 |  947.5 |
        Temple |     52 |     36 |     16 |      0 |      0 |   1 |   52.0 |
          Lair |   1880 |   1860 |     20 |    231 |   1302 |   2 |  940.0 |
               +--------+--------+--------+--------+--------+-----+--------+

Top non-repeatable levels by time:
     D:9: 1847 daAuts
  Lair:1: 1787 daAuts
    D:10: 1421 daAuts
     D:5: 1124 daAuts
     D:6: 1052 daAuts
     D:8: 974 daAuts
     D:4: 933 daAuts
     D:2: 693 daAuts
     D:7: 687 daAuts
     D:1: 672 daAuts
    D:11: 608 daAuts
     D:3: 407 daAuts
  Lair:2: 93 daAuts
  Temple: 52 daAuts
